 Dungeon Crawl Stone Soup version 0.31.0-12-g77e489cdc1 (webtiles) character file.

Game seed: 5497323446396626780

28814 Garbanzo the Basher (level 13, -5/144 HPs)
             Began as an Oni Gladiator on Mar 3, 2024.
             Was an Initiate of Gozag.
             Slain by a harpy simulacrum (11 damage)
             ... in an ice cave.
             The game lasted 00:48:29 (17948 turns).

Garbanzo the Basher (Oni Gladiator)                Turns: 17948, Time: 00:48:33

Health: -5/144     AC:  9    Str: 25    XL:     13   Next: 41%
Magic:  13/13      EV: 13    Int:  9    God:    Gozag
Gold:   2300       SH:  0    Dex: 10    Spells: 12/12 levels left

rFire   . . .        s - +7 giant spiked club "Grum" {flame, Will+}
rCold   . . .        (shield currently unavailable)
rNeg    + . .        b - +1 robe
rPois   +            c - +2 hat
rElec   .            o - +2 cloak
rCorr   .            (gloves unavailable)
SInv    .            (boots unavailable)
Will    ++...        (no amulet)
Stlth   ++           n - ring of poison resistance
HPRegen 0.44/turn    f - ring of positive energy
MPRegen 0.13/turn

%: no passive effects
@: no status effects
A: large, unfitting armour, horns 1, tough skin 1, double potion healing,
drunken brawling
a: Renounce Religion, Potion Petition, Call Merchant, Bribe Branch


You were in an ice cave.
You worshipped Gozag.
Gozag was most pleased with you.
You visited 2 branches of the dungeon, and saw 16 of its levels.
You also visited: Bailey and Ice Cave.

You collected 4740 gold pieces.
You spent 383 gold pieces at shops.
You paid 2057 gold pieces to Gozag.

Inventory:

Hand Weapons
 s - the +7 giant spiked club "Grum" (weapon) {flame, Will+}
   (You acquired it on level 7 of the Dungeon)

   Will+:     It increases your willpower.
Missiles
 e - 9 large rocks (quivered)
 E - a throwing net
Armour
 b - a +1 robe (worn)
 c - a +2 hat (worn)
 o - a +2 cloak (worn)
 w - a +2 kite shield
Jewellery
 f - a ring of positive energy (right hand)
 n - a ring of poison resistance (left hand)
 r - a ring of ice
 A - a ring of resist corrosion
Wands
 d - a wand of digging (8)
 i - a wand of flame (14)
 t - a wand of iceblast (9)
 y - a wand of light (1)
Scrolls
 g - a scroll of blinking
 h - a scroll of poison
 j - 6 scrolls of identify
 l - 2 scrolls of silence
 m - a scroll of enchant weapon
 q - 2 scrolls of revelation {unknown}
 u - 8 scrolls of teleportation
 v - a scroll of immolation
 B - a scroll of fear
 F - a scroll of amnesia
 G - a scroll of acquirement
Potions
 a - a potion of resistance
 k - 3 potions of invisibility
 p - a potion of ambrosia
 x - a potion of attraction
 z - a potion of haste
 C - a potion of lignification
 D - a potion of curing
 H - a potion of magic {unknown}


   Skills:
 + Level 13.0 Fighting
 + Level 14.1 Maces & Flails
 * Level 3.5 Throwing
 * Level 10.5 Dodging
 + Level 4.0 Stealth
 * Level 6.3 Shields
 + Level 3.0 Evocations


You had 12 spell levels left.
You didn't know any spells.
Your spell library contained the following spells:

 Spells                   Type           Power      Damage    Failure   Level
 Blink                    Tloc           0%         N/A       52%         2
 Cigotuvi's Dreadful Rot  Necr/Alch/Air  0%         N/A       52%         2
 Lesser Beckoning         Tloc           0%         N/A       52%         2
 Momentum Strike          Conj/Tloc      0%         3d8       52%         2
 Mephitic Cloud           Conj/Alch/Air  0%         N/A       77%         3
 Dispel Undead            Necr           0%         3d6       99%         4
 Manifold Assault         Tloc           0%         N/A       99%         4
 Martyr's Knell           Necr/Summ      0%         N/A       99%         4
 Sticky Flame             Fire/Alch      0%         2d4       99%         4
 Death Channel            Necr           0%         N/A       100%        6


Dungeon Overview and Level Annotations

Branches:
Dungeon (15/15)            Temple (1/1) D:5            Lair (0/5) D:10
    Orc (0/2) D:12         Bailey (visited)           IceCv (1/1)
 Vaults: D:13-14     Depths: D:15

Altars:
Ashenzari
Cheibriados
Dithmenos
Elyvilon
Fedhas
Gozag
Hepliaklqana
Kikubaaqudgha
Makhleb
Nemelex Xobeh
Okawaru
Qazlal
Ru
Sif Muna
Trog
Uskayaw
Vehumet
Wu Jian
Xom
Yredelemnul
Zin
The Shining One

Shops:
D:8 *   D:9 *   D:10 [   D:12 (

Portals:
Trove: D:11 (give 2 scrolls of acquirement)

Annotations:
D:4 3 runed translucent doors, Traejeek's ghost, amateur DrMo


Innate Abilities, Weirdness & Mutations

You are too large for most types of armour.
You have a pair of small horns on your head.
You have tough skin. (AC +1)
You gain doubled healing and magic from potions.
Whenever you drink a healing potion, you attack all around you.


Message History

You now have 2261 gold pieces (gained 9).
You now have 2300 gold pieces (gained 39).
You see here a +0 pair of boots.
HP restored.
There is a fountain of sparkling water here.
A reaper and 6 simulacra come into view.
The reaper is wielding a -4 scythe of freezing.
Found 19 gold pieces and a runed robe.
The harpy simulacrum claws you. The harpy simulacrum freezes you!
The harpy simulacrum misses you. The harpy simulacrum barely misses you.
The harpy simulacrum claws you. The harpy simulacrum freezes you!!
The harpy simulacrum claws you! The harpy simulacrum freezes you!
The harpy simulacrum claws you. The harpy simulacrum freezes you!
The harpy simulacrum attacks as it pursues you!
The harpy simulacrum closely misses you.
The harpy simulacrum misses you. The harpy simulacrum claws you.
The harpy simulacrum freezes you!!
The harpy simulacrum completely misses you.
The harpy simulacrum claws you. The harpy simulacrum freezes you!
* * * LOW HITPOINT WARNING * * *
The harpy simulacrum claws you but does no damage.
The harpy simulacrum attacks as it pursues you!
The harpy simulacrum claws you but does no damage.
The harpy simulacrum claws you.
* * * LOW HITPOINT WARNING * * *
The harpy simulacrum freezes you!
* * * LOW HITPOINT WARNING * * *
The harpy simulacrum claws you.
* * * LOW HITPOINT WARNING * * *
The harpy simulacrum freezes you!
* * * LOW HITPOINT WARNING * * *
The harpy simulacrum claws you.
* * * LOW HITPOINT WARNING * * *
The harpy simulacrum freezes you!
* * * LOW HITPOINT WARNING * * *
The harpy simulacrum misses you. The harpy simulacrum claws you.
* * * LOW HITPOINT WARNING * * *
The harpy simulacrum freezes you!
You die...
Your body crumbles into a pile of gold.

#...# #..## #.##
##..## ##..# ##.#
#..##### #..# ##.#
#.####.####.## ##..#
#..##..[# #..###..##
##.##.⌠.# ##..#...#
#......# #.....##
##..#.### ##....#
#####@##≈ ##...#
##.##Z#≈≈##..##
#..#.###≈≈..####
#..Z...#Z###≈≈≈##.#.##
[$#..2Z#.# #≈#≈ ##.#.#
#ZZ.###..≈ ## ##.##
##.# #≈ ### ## ###


You could see a harpy simulacrum.

Vanquished Creatures
  An orc warlord (Bailey)
  Snorg (D:9)
  A boulder beetle (D:15)
  2 centaur warriors (D:15)
  A tengu warrior (D:14)
  3 two-headed ogres
  Nergalle (D:10)
  2 orc knights (Bailey)
  An ugly thing (D:12)
  Maurice (D:10)
  2 manticores
  A cyclops (D:11)
  An ice statue (IceCv)
  A kobold demonologist (D:12)
  An unseen horror (D:12)
  Psyche (D:11)
  A komodo dragon (D:10)
  A freezing wraith (D:12)
  A tengu conjurer (D:14)
  3 trolls
  A merfolk (D:11)
  A hornet (D:9)
  13 slime creatures
  3 wraiths (D:12)
  A shadow (D:11)
  Sigmund (D:2)
  A wyvern (D:11)
  28 yaks
  A dire elephant simulacrum (IceCv)
  A steam dragon (D:7)
  4 vampire mosquitoes
  2 basilisks
  Edmund (D:6)
  A death yak simulacrum (IceCv)
  A harpy simulacrum (IceCv)
  A hydra simulacrum (IceCv)
  2 water moccasins
  27 orc warriors
  6 ogres
  4 centaurs
  6 kobold brigands
  2 bullfrogs (D:7)
  4 scorpions
  A cane toad simulacrum (IceCv)
  3 two-headed ogre simulacra (IceCv)
  8 wights
  An elephant simulacrum (IceCv)
  18 killer bees
  7 howler monkeys
  An electric eel (D:13)
  A centaur zombie (D:4)
  3 jellies (D:6)
  11 orc priests
  A bombardier beetle (D:4)
  4 hounds
  Crazy Yiuf (D:2)
  4 iguanas
  A scorpion zombie (D:4)
  A sleepcap (D:6)
  20 orc wizards
  Natasha (twice) (D:3)
  4 troll simulacra (IceCv)
  3 polar bear simulacra (IceCv)
  8 spriggan simulacra (IceCv)
  2 wolf simulacra (IceCv)
  The ghost of dirge the Sneak, a weakling KoDe (D:5)
  8 gnolls
  8 adders
  7 naga simulacra (IceCv)
  7 white imps
  3 ufetubi (IceCv)
  2 ribbon worms (D:9)
  3 dart slugs
  73 orcs
  10 endoplasms
  5 giant cockroaches
  20 goblins
  13 hobgoblins
  7 jackals
  3 quokkas
  3 ball pythons (D:1)
  7 bats
  A frilled lizard (D:3)
  32 kobolds
  8 rats
465 creatures vanquished.

Vanquished Creatures (collateral kills)
  2 killer bees (D:9)
  A lava snake (D:9)
3 creatures vanquished.

Grand Total: 468 creatures vanquished

Notes
Turn   | Place    | Note
-------+----------+-------------------------------------------
     0 | D:1      | Garbanzo the Oni Gladiator began the quest for the Orb.
     0 | D:1      | Reached XP level 1. HP: 22/22 MP: 1/1
   210 | D:1      | Reached XP level 2. HP: 29/29 MP: 2/2
   480 | D:1      | Reached XP level 3. HP: 37/37 MP: 3/3
   830 | D:2      | Noticed Sigmund
   849 | D:2      | Killed Sigmund
   850 | D:2      | Reached skill level 4 in Maces & Flails
   850 | D:2      | Reached XP level 4. HP: 21/49 MP: 4/4
   850 | D:2      | Reached XP level 5. HP: 23/55 MP: 5/5
  1952 | D:2      | Found a runed translucent door.
  1953 | D:2      | Noticed Crazy Yiuf
  1963 | D:2      | Killed Crazy Yiuf
  1964 | D:2      | Reached skill level 5 in Maces & Flails
  1964 | D:2      | Reached XP level 6. HP: 30/63 MP: 6/6
  2403 | D:3      | Noticed Natasha
  2410 | D:3      | Killed Natasha
  2411 | D:3      | Noticed Natasha
  2430 | D:3      | Killed Natasha
  2438 | D:3      | Reached skill level 5 in Fighting
  3229 | D:4      | Reached XP level 7. HP: 28/72 MP: 7/7
  3501 | D:4      | Reached skill level 1 in Stealth
  3556 | D:4      | Found a runed translucent gate.
  3556 | D:4      | Found a runed translucent gate.
  3556 | D:4      | Found a runed translucent gate.
  3556 | D:4      | Noticed Traejeek's ghost (amateur DrMo)
  3558 | D:4      | Found a basalt altar of Yredelemnul.
  3566 | D:4      | Reached skill level 6 in Maces & Flails
  3804 | D:5      | Entered Level 5 of the Dungeon
  3890 | D:5      | Reached skill level 5 in Dodging
  3890 | D:5      | Reached XP level 8. HP: 39/83 MP: 8/8
  3895 | D:5      | Reached skill level 7 in Maces & Flails
  3903 | D:5      | Found a staircase to the Ecumenical Temple.
  3914 | Temple   | Entered the Ecumenical Temple
  4095 | Temple   | Became a worshipper of Gozag Ym Sagoz the Greedy
  4380 | Temple   | HP: 2/84 [orc/+0 club (3)]
  5019 | D:5      | Noticed a +0 spear
  5019 | D:5      | Noticed a +0 short sword
  5021 | D:5      | Noticed a +0 short sword
  5028 | D:5      | Noticed a +0 spear
  5033 | D:5      | Reached XP level 9. HP: 76/92 MP: 9/9
  5166 | D:5      | Found a hide-covered altar of Uskayaw.
  5166 | D:5      | Noticed a +0 falchion
  5166 | D:5      | Noticed a +0 dagger
  5168 | D:5      | Noticed a +0 falchion
  5168 | D:5      | Noticed a +0 dagger
  5332 | D:5      | Found a runed translucent gate.
  5332 | D:5      | Found a runed translucent gate.
  5332 | D:5      | Found a runed translucent gate.
  5332 | D:5      | Noticed dirge's ghost (weakling KoDe)
  5340 | D:5      | Killed dirge's ghost
  5360 | D:5      | Identified the +5 quarterstaff of Precise Incision {flame,
                  | rCorr MP+9 Str+2 Stlth+}
  5526 | D:6      | Noticed Edmund
  5529 | D:6      | Killed Edmund
  5530 | D:6      | Reached skill level 8 in Maces & Flails
  5530 | D:6      | Reached skill level 1 in Evocations
  6379 | D:7      | Found a shadowy altar of Dithmenos.
  6387 | D:7      | Found a broken altar of Ashenzari.
  6394 | D:7      | Found a shimmering blue altar of Sif Muna.
  6402 | D:7      | Found an ancient bone altar of Kikubaaqudgha.
  6409 | D:7      | Found a sparkling altar of Nemelex Xobeh.
  6417 | D:7      | Found a shimmering altar of Xom.
  6422 | D:7      | Found an ornate altar of the Wu Jian Council.
  6630 | D:7      | Identified a scroll of acquirement
  6630 | D:7      | Acquired the +7 giant spiked club "Grum" {flame, Will+}
  7708 | D:8      | Reached skill level 9 in Maces & Flails
  7810 | D:8      | Found Kerais's General Store.
  8419 | D:9      | Reached XP level 10. HP: 73/105 MP: 10/10
  8641 | D:9      | Found an iron altar of Okawaru.
  8794 | D:9      | Reached skill level 1 in Shields
  8846 | D:9      | Reached skill level 10 in Maces & Flails
  8873 | D:9      | Found Xipniehy's General Store.
  8884 | D:9      | Found a flagged portal.
  8894 | Bailey   | Entered a bailey
  9350 | Bailey   | Noticed an orc knight
  9355 | Bailey   | Reached skill level 10 in Fighting
  9359 | Bailey   | Killed an orc knight
  9365 | Bailey   | Reached XP level 11. HP: 100/118 MP: 11/11
  9373 | Bailey   | Noticed an orc warlord
  9379 | Bailey   | Noticed an orc knight
  9597 | Bailey   | Killed an orc knight
  9598 | Bailey   | Reached skill level 11 in Maces & Flails
  9856 | Bailey   | Acquired 830 gold pieces
  9919 | Bailey   | Killed an orc warlord
 10129 | D:9      | Bought a scroll of blinking for 97 gold pieces
 10129 | D:9      | Bought a scroll of teleportation for 39 gold pieces
 10501 | D:9      | Noticed a moth of wrath
 10505 | D:9      | Found a bloodstained altar of Trog.
 11075 | D:10     | Entered Level 10 of the Dungeon
 11075 | D:10     | Noticed Snorg
 11075 | D:10     | Found Raffoq's Armour Emporium.
 11242 | D:9      | Killed Snorg
 11447 | D:10     | Noticed a two-headed ogre
 11652 | D:10     | Killed a two-headed ogre
 11937 | D:10     | Bought a +2 cloak for 247 gold pieces
 11973 | D:10     | Found a staircase to the Lair.
 12041 | D:10     | Noticed Maurice
 12046 | D:10     | Killed Maurice
 12047 | D:10     | Reached XP level 12. HP: 130/130 MP: 12/12
 12093 | D:10     | Reached skill level 12 in Maces & Flails
 12405 | D:10     | Noticed Nergalle
 12416 | D:10     | Killed Nergalle
 12799 | D:11     | Noticed Psyche
 12810 | D:11     | Killed Psyche
 12977 | D:11     | Reached skill level 5 in Shields
 13123 | D:11     | Found a portal to a secret trove of treasure.
 13537 | D:12     | Found a staircase to the Orcish Mines.
 13558 | D:12     | Reached skill level 10 in Dodging
 13621 | D:12     | Noticed a two-headed ogre
 13628 | D:12     | Killed a two-headed ogre
 13920 | D:12     | Reached skill level 13 in Maces & Flails
 15149 | D:12     | Found Woogunal's Antique Weapon Shoppe.
 15191 | D:12     | Reached XP level 13. HP: 141/141 MP: 13/13
 15496 | D:12     | You fall into a shaft and drop 3 floors!
 15496 | D:15     | Entered Level 15 of the Dungeon
 16103 | D:13     | Got the Precepts of the Ten Eyes
 16116 | D:13     | Reached skill level 14 in Maces & Flails
 16451 | D:13     | Found a frozen archway.
 16460 | IceCv    | Entered an ice cave
 17944 | IceCv    | Noticed a reaper
 17948 | IceCv    | HP: 6/144 [harpy simulacrum (3)]
 17948 | IceCv    | Slain by a harpy simulacrum

Illustrated notes

Levels and vault maps discovered:
D:1:      lightli_arrival_maybe_door_vault, layout_loops_cross,
          dreamdust_princess_corridor
D:2:      layout_basic, uniq_sigmund, uniq_crazy_yiuf_cottage
D:3:      layout_basic, minmay_misc_feat_rows, minmay_misc_feat_roman,
          uniq_natasha
D:4:      layout_rooms, nicolae_yredelemnul_ghost_church,
          mrwooster_statue_mirror, kennysheep_crisscross, st_stairs_1
D:5:      layout_basic, nicolae_uskayaw_en_pointe,
          minmay_temple_entry_large_hall, ebering_ghost_rock_garden,
          grunt_ministairs_15, blue_anna_alchemist,
          ebering_dispersal_statue_hall
D:6:      layout_cave_pools, uniq_edmund
D:7:      layout_loops_corners, grunt_temple_overflow_octagram,
          nicolae_zig_zag_zippers
D:8:      layout_loops_corners, serial_shops, nicolae_shop_trees
D:9:      layout_irregular_city, tgw_trog, okawaru_trees_1, enter_bailey_6,
          serial_shops, nicolae_shop_waterfront, serial_column_ruins,
          column_ruins_pillar_7, column_ruins_pillar_1, column_ruins_pillar_6,
          column_ruins_pillar_2, column_ruins_pillar_1, column_ruins_pillar_8,
          column_ruins_pillar_1, column_ruins_pillar_3, column_ruins_pillar_7,
          column_ruins_pillar_2, column_ruins_pillar_2, column_ruins_pillar_3,
          column_ruins_pillar_7, column_ruins_pillar_9, column_ruins_pillar_2,
          column_ruins_pillar_2, column_ruins_pillar_7, column_ruins_pillar_1,
          kennysheep_small_spiral, st_stairs_6
D:10:     layout_rooms, david_lair_shrubbed, serial_shops, shop, uniq_maurice,
          uniq_snorg, uniq_nergalle
D:11:     layout_cave_pools, nicolae_trove_entry_diagonal, hangedman_fish_farm,
          uniq_psyche
D:12:     layout_roguey [special_room_orc], minmay_orc_entry_temple_large,
          serial_shops, shop
D:13:     layout_roguey, portal_ice_cave_entry_pillars_1, serial_bayou,
          serial_bayou_pond_e, serial_bayou_lake_a, serial_bayou_pond_c,
          serial_bayou_lagoon_a, kennysheep_decorative_pillar,
          minmay_statues_item, st_stairs_7, uniq_rupert
D:14:     layout_stronghold, grunt_vaults_entry_fortified,
          hangedman_decor_lopped, kennysheep_island_fort, uniq_roxanne
D:15:     hangedman_depths_entry_civil_slaughter, layout_stronghold,
          minmay_stone_trees_medium, nooodl_orcs_dogs, uniq_agnes
Temple:   hellmonk_temple_of_storms
IceCv:    ice_cave_caverns_01

Skill      XL: |  1  2  3  4  5  6  7  8  9 10 11 12 13 |
---------------+----------------------------------------+-----
Dodging        | 3 4 5 6 7 8 9 10 | 10.5
Fighting       | 3 4 5 6 8 10 11 12 13 | 13.0
Maces & Flails | 4 5 6 7 9 10 11 13 14 | 14.1
Stealth        | 1 2 3 4 |  4.0
Evocations     | 1 3 |  3.0
Shields        | 2 4 5 6 |  6.3
Throwing       | 3 |  3.5

Action                     |  1- 3 |  4- 6 |  7- 9 | 10-12 | 13-15 || total
---------------------------+-------+-------+-------+-------+-------++-------
  Melee: Flail             |    89 |   118 |    18 |       |       ||   225
         Headbutt          |     8 |    13 |    71 |    72 |    22 ||   186
         Giant spiked club |       |       |   183 |   455 |   110 ||   748
         Punch             |       |       |     5 |       |       ||     5
         Mace              |       |       |   114 |       |       ||   114
  Throw: Throwing net      |     3 |     2 |       |     1 |       ||     6
         Large rock        |       |     2 |    11 |    16 |    16 ||    45
 Invoke: Potion Petition   |       |       |       |     5 |     1 ||     6
  Evoke: Wand              |       |     1 |    24 |    51 |     1 ||    77
    Use: Scroll            |     1 |     4 |    15 |     6 |     2 ||    28
         Potion            |       |     2 |     8 |    11 |     2 ||    23
   Stab: Sleeping          |       |     1 |     1 |     4 |     1 ||     7
         Paralysed         |       |       |    16 |     5 |       ||    21
         Invisible         |       |       |       |     3 |       ||     3
         Distracted        |       |       |       |     3 |     1 ||     4
 Armour: Robe              |    74 |    96 |   416 |   426 |   117 ||  1129
         Skin              |       |    42 |       |       |       ||    42
  Dodge: Dodged            |    40 |    70 |   288 |   324 |    52 ||   774
